 Dungeon Crawl Stone Soup version 0.27-a0-1065-ge809cff456 (console) character file.

Game seed: 5157956104260776343

86 nht the Poker (level 4, -1/49 HPs)
             Began as a Merfolk Warper on Apr 24, 2021.
             Was a Follower of Qazlal.
             Slain by a hobgoblin (5 damage)
             ... led by Robin
             ... on level 2 of the Dungeon.
             The game lasted 00:02:58 (1565 turns).

nht the Poker (Merfolk Warper)                      Turns: 1565, Time: 00:02:59

Health: -1/49      AC: 22    Str: 11    XL:     4   Next: 50%
Magic:  7/7        EV:  2    Int: 13    God:    Qazlal [*.....]
Gold:   0          SH:  2    Dex: 13    Spells: 7/7 levels left

rFire    . . .     SeeInvis .   a - +0 spear
rCold    . . .     Faith    .   (no shield)
rNeg     + + +     Spirit   .   (armour currently unavailable)
rPois    +         Reflect  .   (helmet currently unavailable)
rElec    .         Harm     .   (cloak currently unavailable)
rCorr    .         Rampage  .   (gloves currently unavailable)
Will     .....     NoTele   +   (boots currently unavailable)
Stlth    +.........             (no amulet)
HPRegen  0.16/turn              (no ring)
MPRegen  0.10/turn              (no ring)

@: tree-form, on berserk cooldown, slowed, very slow
A: stationary, stasis, torment immunity, boosted hp, (nimble swimmer 2),
(mertail)
a: Renounce Religion


You were on level 2 of the Dungeon.
You worshipped Qazlal.
Qazlal was aware of your devotion.
You were a tree.
You visited 1 branch of the dungeon, and saw 2 of its levels.

Inventory:

Hand Weapons
 a - a +0 spear (weapon)
 f - a +0 short sword of venom
Missiles
 e - 5 boomerangs of dispersal (quivered)
Armour
 b - a +0 leather armour (melded)
Scrolls
 d - a scroll of blinking
 h - a scroll of fog {unknown}


   Skills:
 - Level 2.1 Fighting
 + Level 6.7 Polearms
 - Level 1.0 Throwing
 - Level 0.6 Armour
 - Level 2.6 Dodging
 - Level 2.0 Spellcasting
 - Level 2.4 Translocations


You had 7 spell levels left.
You didn't know any spells.
Your spell library contained the following spells:

 Spells                   Type           Power      Damage    Failure   Level
 Blink                    Tloc           N/A        N/A       14%         2
 Gell's Gravitas          Tloc           3%         N/A       28%         3
 Lesser Beckoning         Tloc           3%         N/A       28%         3
 Teleport Other           Tloc           7%         N/A       28%         3
 Manifold Assault         Tloc           7%         N/A       95%         5


Dungeon Overview and Level Annotations

Branches:
Dungeon (2/15)

Altars:
Qazlal

Annotations:
D:2 Robin


Innate Abilities, Weirdness & Mutations

You are a tree.
Your roots penetrate the ground, keeping you stationary.
You cannot be teleported.
You are immune to unholy pain and torment.
Your maximum health is greatly increased.
Your equipment is partially melded.
((You are quick and stealthy near water. (Stealth+, EV+, Speed+++)))
((Your lower body shifts to a powerful aquatic tail in water.))


Message History

You completely miss the goblin.
The goblin is heavily wounded.
A goblin comes into view. It is wielding a +0 club.
The goblin hits you but does no damage.
Robin roars a battlecry!
The goblins go into a battle-frenzy!
The goblin hits you but does no damage. The goblin hits you with a +0 dagger.
* * * LOW HITPOINT WARNING * * *
You closely miss the goblin.
The goblin is moderately wounded.
The goblin hits you but does no damage. The goblin barely misses you.
The goblin hits you with a +0 dagger.
* * * LOW HITPOINT WARNING * * *
The goblin hits you with a +0 club.
* * * LOW HITPOINT WARNING * * *
The goblin hits you but does no damage.
You closely miss the goblin.
The goblin is moderately wounded.
The hobgoblin hits you.
* * * LOW HITPOINT WARNING * * *
The goblin hits you but does no damage.
The goblin is engulfed in freezing vapours.
You kill the goblin!
Qazlal accepts your kill.
The goblin hits you but does no damage. x2
The hobgoblin hits you but does no damage.
You are too injured to fight recklessly!
Unknown command.
Unknown command.
You cannot move.
Unknown command.
You hit the goblin.
You kill the goblin!
Qazlal accepts your kill.
The goblin hits you but does no damage. x2
The hobgoblin hits you but does no damage.
You hit the goblin.
The goblin is severely wounded.
The goblin hits you but does no damage. x3; The hobgoblin hits you.
You die...

...............
................
..........<......
..................
............g...
............ggg.
...........ggg█
...........g♣○█
...........§(.█
..............█
(.............██
...............█
......†<.......█
.................
███████.█.█████...
...... ...


You could see Robin, 2 hobgoblins and 5 goblins.

Vanquished Creatures
  Natasha (D:2)
  2 adders (D:2)
  A dart slug (D:1)
  A bat (D:1)
  5 endoplasms
  A giant cockroach (D:1)
  7 goblins
  3 jackals (D:1)
  3 quokkas
  3 ball pythons (D:1)
  5 kobolds (D:1)
  4 rats (D:1)
36 creatures vanquished.

Notes
Turn   | Place    | Note
-------+----------+-------------------------------------------
     0 | D:1      | nht the Merfolk Warper began the quest for the Orb.
     0 | D:1      | Reached XP level 1. HP: 16/16 MP: 3/3
   203 | D:1      | Reached skill level 4 in Polearms
   203 | D:1      | Reached XP level 2. HP: 15/22 MP: 5/5
   892 | D:1      | Found a faded altar of an unknown god.
   899 | D:1      | Became a worshipper of Qazlal Stormbringer
   899 | D:1      | Reached * piety under Qazlal
  1052 | D:1      | Reached skill level 5 in Polearms
  1052 | D:1      | Reached XP level 3. HP: 27/27 MP: 6/6
  1527 | D:2      | Reached skill level 6 in Polearms
  1537 | D:2      | Noticed Natasha
  1544 | D:2      | HP: 1/40 [Natasha (3)]
  1554 | D:2      | Killed Natasha
  1555 | D:2      | Reached XP level 4. HP: 11/33 MP: 7/7
  1559 | D:2      | Noticed Robin
  1565 | D:2      | Slain by a hobgoblin

Illustrated notes

Levels and vault maps discovered:
D:1:      amcnicky_arrival_blooded_trapdoor, layout_loops_ring,
          ebering_ecumenical_altar_abandoned
D:2:      layout_basic, minmay_tetromino_l2, uniq_crazy_yiuf_cottage,
          uniq_natasha, uniq_robin

Skill      XL: |  1  2  3 |
---------------+----------+-----
Polearms       | 4 5 6 |  6.7
Fighting       | |  2.1
Throwing       | |  1.0
Armour         | |  0.6
Dodging        | |  2.6
Spellcasting   | |  2.0
Translocations | |  2.4

Action                   |  1- 3 |  4- 6 || total
-------------------------+-------+-------++-------
Melee: Spear             |   133 |    11 ||   144
  Use: Potion            |     3 |       ||     3
Armor: Leather armour    |    19 |       ||    19
       Skin              |    12 |    30 ||    42
Dodge: Dodged            |    51 |     4 ||    55
Block: Other             |     3 |     2 ||     5

Table legend: (Time is in decaauts)
 A = Elapsed time spent in this place.
 B = Non-inter-level travel time spent in this place.
 C = Inter-level travel time spent in this place.
 D = Time resting spent in this place.
 E = Time spent auto-exploring this place.
 F = Levels seen in this place.
 G = Mean time per level.
                   A        B        C        D        E       F      G
               +--------+--------+--------+--------+--------+-----+--------+
         Total |   1547 |   1510 |     37 |      0 |   1310 |   2 |  773.5 |
       Dungeon |   1547 |   1510 |     37 |      0 |   1310 |   2 |  773.5 |
               +--------+--------+--------+--------+--------+-----+--------+

Top non-repeatable levels by time:
     D:1: 1458 daAuts
     D:2: 89 daAuts
